 Dungeon Crawl Stone Soup version 0.23.2-40-g277498a001 (webtiles) character file.

Game seed: 14524603705522281523

90 Emblim88 the Ducker (level 4, -6/33 HPs)
             Began as a Vampire Gladiator on Aug 18, 2019.
             Mangled by a worm (9 damage)
             ... on level 2 of the Dungeon.
             The game lasted 00:04:31 (1601 turns).

Emblim88 the Ducker (Vampire Gladiator)             Turns: 1601, Time: 00:04:31

Health: -6/33      AC:  4    Str: 13    XL:     4   Next: 32%
Magic:  4/4        EV: 14    Int: 10    God:
Gold:   29         SH:  0    Dex: 16    Spells: 3/3 levels left

rFire    . . .     SeeInvis +   a - +0 long sword
rCold    . . .     Gourm    .   (no shield)
rNeg     + . .     Faith    .   b - +0 leather armour
rPois    .         Spirit   .   c - +0 helmet
rElec    .         Reflect  .   (no cloak)
rCorr    .         Harm     .   (no gloves)
MR       .....                  (no boots)
Stlth    ++........             (no amulet)
HPRegen  0.11/turn              (no ring)
MPRegen  0.09/turn              (no ring)

@: lethally poisoned (-6 -> -7)
A: fangs 3, see invisible, unbreathing
a: Bat Form


You were on level 2 of the Dungeon.
You were not thirsty.

You visited 1 branch of the dungeon, and saw 2 of its levels.

You collected 29 gold pieces.

Inventory:

Hand Weapons
 a - a +0 long sword (weapon)
 j - a -1 dagger
Missiles
 d - 3 throwing nets (quivered)
Armour
 b - a +0 leather armour (worn)
 c - a +0 helmet (worn)
Scrolls
 h - 2 scrolls of teleportation {unknown}
Potions
 e - 4 potions of blood
 g - a potion of heal wounds {unknown}
 i - a potion of might {unknown}


   Skills:
 + Level 2.2 Fighting
 * Level 3.7 Long Blades
 - Level 1.5 Throwing
 * Level 4.1 Dodging
 * Level 3.2 Stealth


You had 3 spell levels left.
You didn't know any spells.
Your spell library was empty.

Dungeon Overview and Level Annotations

Branches:
Dungeon (2/15)

Altars:


Innate Abilities, Weirdness & Mutations

You have razor-sharp teeth.
You have supernaturally acute eyesight. (SInv)
You can survive without breathing.


Message History

You kill the jackal!
The ball python barely misses you.
You riposte.
You closely miss the ball python. The ball python misses you.
The worm bites you.
* * * LOW HITPOINT WARNING * * *
Items here: ! )) [[ † You hit the worm.
You bite the worm.
The worm is moderately wounded.
You feel sick.
The ball python bites you but does no damage.
The ball python grabs you. The ball python constricts you.
The ball python barely misses you.
* * * LOW HITPOINT WARNING * * *
The ball python constricts you.
You hit the worm.
The worm is severely wounded.
The ball python closely misses you.
You riposte.
You hit the ball python.
You kill the ball python!
The worm bites you!
You die...

###.#
##.........#.###### #.#
...#.....>..... ..# #.#
#...<.<...#.# #.####.#
#..........####.#....>
####.......#............
#..............##.#.##..
#...w†.....#.##.#.####
#@# #.##.#.# # #)#
#.##.#.# #
#)######.##)#.####
#.#...##.##.#.##.)
#...#..........#.#
#.#...##.#####.#.#
#.######.# #.#.# #.# #.#
#.#.# #.######.# #.#.#


You could see a worm.

Vanquished Creatures
  Robin (D:2)
  An adder (D:2)
  2 oozes (D:1)
  A worm (D:2)
  A ball python (D:2)
  2 bats
  2 giant cockroaches
  12 goblins
  8 hobgoblins
  10 jackals
  7 kobolds
  A frilled lizard (D:1)
  3 rats (D:1)
51 creatures vanquished.

Notes
Turn   | Place    | Note
-------+----------+-------------------------------------------
     0 | D:1      | Emblim88 the Vampire Gladiator began the quest for the Orb.
     0 | D:1      | Reached XP level 1. HP: 16/16 MP: 1/1
   757 | D:1      | Reached XP level 2. HP: 22/22 MP: 2/2
   883 | D:1      | Reached skill level 1 in Stealth
  1128 | D:1      | Reached XP level 3. HP: 27/27 MP: 3/3
  1561 | D:2      | Noticed Robin
  1581 | D:2      | Reached skill level 4 in Dodging
  1587 | D:2      | Reached XP level 4. HP: 18/33 MP: 4/4
  1597 | D:2      | Killed Robin
  1601 | D:2      | Mangled by a worm

Skill      XL: |  1  2  3  4 |
---------------+-------------+-----
Stealth        | 2 3 |  3.2
Fighting       | 2 |  2.2
Dodging        | 4 |  4.1
Long Blades    | |  3.7
Throwing       | |  1.5

Action                   |  1- 3 |  4- 6 || total
-------------------------+-------+-------++-------
Melee: Long sword        |    93 |    11 ||   104
       Bite              |    14 |     2 ||    16
  Use: Scroll            |     1 |       ||     1
       Potion            |     3 |     1 ||     4
 Stab: Sleeping          |     2 |       ||     2
Armor: Leather armour    |    44 |     2 ||    46
Dodge: Dodged            |   108 |    18 ||   126
       Rpst.: Long sword |    33 |     7 ||    40
